 Dungeon Crawl Stone Soup version 0.26.1-11-gd32895ea62 (webtiles) character file.

Game seed: 1316315021811511734

88 Almogavar the Grave Robber (level 4, -6/30 HPs)
             Began as a Human Necromancer on May 11, 2021.
             Killed from afar by an orc wizard (7 damage)
             ... with a puff of flame
             ... on level 2 of the Dungeon.
             The game lasted 00:09:39 (2654 turns).

Almogavar the Grave Robber (Human Necromancer)      Turns: 2654, Time: 00:09:39

Health: -6/30      AC:  2    Str:  8    XL:     4   Next: 81%
Magic:  5/9        EV: 16    Int: 22    God:
Gold:   114        SH:  0    Dex: 14    Spells: 7/9 levels left

rFire    . . .     SeeInvis .   (no weapon)
rCold    . . .     Faith    .   (no shield)
rNeg     . . .     Spirit   .   a - +0 robe
rPois    .         Reflect  .   (no helmet)
rElec    .         Harm     .   (no cloak)
rCorr    .         Rampage  .   (no gloves)
Will     .....                  (no boots)
Stlth    ++........             (no amulet)
HPRegen  0.10/turn              e - +6 ring of intelligence
MPRegen  0.11/turn              h - +4 ring of evasion

@: no status effects
A: no striking features
a: no special abilities


You were on level 2 of the Dungeon.
You visited 1 branch of the dungeon, and saw 3 of its levels.

You collected 114 gold pieces.

Inventory:

Hand Weapons
 m - a +1 dagger of electrocution
Armour
 a - a +0 robe (worn)
 g - a +0 leather armour
Jewellery
 e - a +6 ring of intelligence (left hand)
 h - a +4 ring of evasion (right hand)
Scrolls
 i - 2 scrolls of amnesia
 l - a scroll of remove curse {unknown}
 n - a scroll of teleportation {unknown}
Potions
 c - a potion of flight
 d - a potion of degeneration {unknown}
 j - a potion of mutation {unknown}
 k - a potion of curing {unknown}


   Skills:
 + Level 0.1 Fighting
 + Level 2.0 Dodging
 + Level 2.1 Stealth
 + Level 3.3 Spellcasting
 + Level 4.8 Necromancy


You had 7 spell levels left.
You knew the following spells:

 Your Spells              Type           Power        Failure   Level
a - Pain                  Necr           96%          1%          1
b - Animate Skeleton      Necr           48%          1%          1

Your spell library contained the following spells:

 Spells                   Type           Power        Failure   Level
 Vampiric Draining        Necr           12%          4%          3
 Animate Dead             Necr           12%          16%         4
 Agony                    Necr           24%          41%         5


Dungeon Overview and Level Annotations

Branches:
Dungeon (3/15)

Altars:


Message History

The magic dart hits you.
There is a strange disturbance nearby!
Casting: Pain (safe; 1% risk of failure)
Confirm with . or Enter, or press ? or * to list all spells.
You can't see any susceptible monsters within range! (Use Z to cast anyway.) Unknown command.
You hear some strange, mumbled words.
A puff of flame appears from out of thin air!
The puff of flame misses you.
You hear some strange, mumbled words.
Something tries to affect you, but you resist.
A puff of flame appears from out of thin air!
The puff of flame hits you!
* * * LOW HITPOINT WARNING * * *
A puff of flame appears from out of thin air!
The puff of flame hits you!
* * * LOW HITPOINT WARNING * * *
A puff of flame appears from out of thin air!
The puff of flame hits you!
You die...

#...........# #.... #.........#.#
####?... #.....#..##{# ###.......
#........##.# ###...##....
#...........######...####....
#...<.##...........##........
############.....................
.................................
....)...........@##...#<#........
.................###..#.....#.###
####..............#...........#
#.................#......#####
#.............................
####..>..............#...(..##.##
#................................
........[........................
..##..............>..............


There were no monsters in sight!

Vanquished Creatures
  3 adders (D:2)
  An ooze (D:1)
  A worm (D:2)
  2 leopard geckos (D:1)
  An orc (D:3)
  2 ball pythons (D:2)
  3 giant cockroaches
  4 goblins
  4 hobgoblins
  8 jackals
  4 bats
  2 frilled lizards (D:1)
  5 kobolds
  8 rats (D:1)
48 creatures vanquished.

Notes
Turn   | Place    | Note
-------+----------+-------------------------------------------
     0 | D:1      | Almogavar the Human Necromancer began the quest for the
                  | Orb.
     0 | D:1      | Reached XP level 1. HP: 13/13 MP: 3/3
   564 | D:1      | Reached XP level 2. HP: 15/19 MP: 0/5
   843 | D:1      | Learned a level 1 spell: Animate Skeleton
  1012 | D:1      | Reached XP level 3. HP: 19/24 MP: 1/6
  1948 | D:2      | Reached XP level 4. HP: 21/30 MP: 4/8
  2653 | D:2      | HP: 1/30 [something/puff of flame (8)]
  2654 | D:2      | Killed from afar by an orc wizard

Illustrated notes

Levels and vault maps discovered:
D:1:      kennysheep_arrival_seaside, layout_loops_ring
D:2:      layout_rooms
D:3:      minmay_angry_zag, layout_loops_corners,
          chequers_ecumenical_altar_island, st_stairs_10, roderic_st_hans_cross,
          minmay_misc_feat_hallway, uniq_natasha

Skill      XL: |  1  2  3  4 |
---------------+-------------+-----
Spellcasting   | 3 |  3.3
Fighting       | |  0.1
Dodging        | |  2.0
Stealth        | |  2.1
Necromancy     | |  4.8

Action                   |  1- 3 |  4- 6 || total
-------------------------+-------+-------++-------
Melee: Unarmed           |     1 |       ||     1
 Cast: Pain              |    63 |    35 ||    98
       Animate Skeleton  |       |     1 ||     1
  Use: Scroll            |       |     3 ||     3
Armor: Robe              |     5 |     1 ||     6
Dodge: Dodged            |    16 |     7 ||    23
